 Dungeon Crawl Stone Soup version 0.27.0-1-g7a089689b8 (webtiles) character file.

Game seed: 3247513602026204179

912 dndnerd the Shield-Bearer (level 8, 0/49 HPs)
             Began as a Gargoyle Fighter on Aug 12, 2021.
             Was an Initiate of Hepliaklqana.
             Slain by a wyvern zombie (6 damage)
             ... on level 4 of the Dungeon.
             The game lasted 00:16:18 (4977 turns).

dndnerd the Shield-Bearer (Gargoyle Fighter)        Turns: 4977, Time: 00:16:19

Health: 0/49       AC: 19    Str: 23    XL:     8   Next: 9%
Magic:  8/8        EV:  5    Int:  8    God:    Hepliaklqana [......]
Gold:   80         SH: 10    Dex:  9    Spells: 7/7 levels left

rFire    . . .     SeeInvis .   j - +2 dagger (venom)
rCold    . . .     Faith    +   c - +0 kite shield
rNeg     + + .     Spirit   .   h - +0 plate armour
rPois    ∞         Reflect  .   (no helmet)
rElec    +         Harm     .   (no cloak)
rCorr    .         Rampage  .   v - +0 pair of gloves
Will     .....                  (no boots)
Stlth    ..........             l - amulet of faith
HPRegen  0.16/turn              t - ring of positive energy
MPRegen  0.11/turn              (no ring)

@: mighty
A: sickness immunity, AC +5, negative energy resistance 1, electricity
resistance, torment resistance 1, petrification resistance
a: Renounce Religion


You were on level 4 of the Dungeon.
You worshipped Hepliaklqana.
Hepliaklqana was noncommittal.
You visited 1 branch of the dungeon, and saw 4 of its levels.

You collected 80 gold pieces.

Inventory:

Hand Weapons
 a - a +0 flail
 j - a +2 dagger of venom (weapon)
Armour
 b - a +0 scale mail
 c - a +0 kite shield (worn)
 h - a +0 plate armour (worn)
 v - a +0 pair of gloves (worn)
Jewellery
 l - an amulet of faith (around neck)
 t - a ring of positive energy (left hand)
 x - an amulet of guardian spirit
Scrolls
 g - 2 scrolls of amnesia {unknown}
 k - 2 scrolls of teleportation {unknown}
 m - 3 scrolls of identify {unknown}
 n - 2 scrolls of fear {unknown}
 q - a scroll of immolation {unknown}
 r - a scroll of blinking {unknown}
 u - a scroll of magic mapping {unknown}
 w - a scroll of vulnerability {unknown}
 y - a scroll of noise {unknown}
 A - a scroll of enchant weapon {unknown}
 B - a scroll of brand weapon {unknown}
Potions
 d - a potion of might
 e - a potion of ambrosia {unknown}
 f - a potion of haste {unknown}
 i - a potion of mutation {unknown}
 o - 2 potions of heal wounds {unknown}
 p - a potion of attraction {unknown}
 s - a potion of flight {unknown}
 z - a potion of resistance {unknown}


   Skills:
 + Level 5.1 Fighting
 + Level 4.4 Short Blades
 + Level 2.3 Maces & Flails
 + Level 5.5 Armour
 + Level 0.7 Dodging
 + Level 0.7 Stealth
 + Level 5.7 Shields


You had 7 spell levels left.
You didn't know any spells.
Your spell library contained the following spells:

 Spells                   Type           Power      Damage    Failure   Level
 Animate Skeleton         Necr           0%         N/A       100%        1
 Freeze                   Ice            0%         1d3       100%        1
 Magic Dart               Conj           0%         1d3       100%        1
 Pain                     Necr           0%         1d4       100%        1
 Searing Ray              Conj           0%         3d3       100%        2
 Frozen Ramparts          Ice            0%         1d2       100%        3
 Vampiric Draining        Necr           0%         2d6       100%        3
 Fulminant Prism          Conj/Hex       0%         3d6       100%        4
 Hailstorm                Conj/Ice       0%         3d3       100%        4


Dungeon Overview and Level Annotations

Branches:
Dungeon (4/15)
 Temple: D:4-7

Altars:
Hepliaklqana
Yredelemnul
The Shining One

Shops:
D:2 [


Innate Abilities, Weirdness & Mutations

You are immune to sickness and miasma.
Your stone body is resilient. (AC +5)
You are immune to poison.
You resist negative energy. (rN+)
You are resistant to electric shocks. (rElec)
You are resistant to unholy torment.
You are immune to petrification.


Message History

The wyvern zombie is heavily damaged.
The wyvern zombie bites you but does no damage.
You block the wyvern zombie's attack.
You hit the wyvern zombie but do no damage.
The wyvern zombie is heavily damaged.
The wyvern zombie bites you.
You are too injured to fight recklessly!
You are too injured to fight recklessly!
You are too injured to fight recklessly!
You are too injured to fight recklessly!
You are too injured to fight recklessly!
You are too injured to fight recklessly!
You are too injured to fight recklessly!
You are too injured to fight recklessly!
You are too injured to fight recklessly!
You are too injured to fight recklessly!
You are too injured to fight recklessly!
You hit the wyvern zombie.
The wyvern zombie is severely damaged.
The wyvern zombie bites you.
You hit the wyvern zombie.
The wyvern zombie is severely damaged.
The wyvern zombie bites you!
* * * LOW HITPOINT WARNING * * *
You hit the wyvern zombie but do no damage.
The wyvern zombie is severely damaged.
The wyvern zombie bites you but does no damage. x2
Your shield prevents you from hitting the wyvern zombie.
The wyvern zombie is severely damaged.
The wyvern zombie bites you!
* * * LOW HITPOINT WARNING * * *
You feel very mighty all of a sudden.
The wyvern zombie bites you but does no damage.
You barely miss the wyvern zombie.
The wyvern zombie is severely damaged.
You block the wyvern zombie's attack. The wyvern zombie barely misses you.
You barely miss the wyvern zombie.
The wyvern zombie is severely damaged.
The wyvern zombie bites you.
You die...

......#.#
#.........######.....#
#####.#.# #...##....###
#.....# ........#
#...##.#....# #.....#
#####.### #...##.#....#
#.....# #.# #...##.#....#
#.....# #.# #...##.#....#
#.....# #.# #...##.#....#
#...... #.#
#.##...##.#....# #......
#.# #......Z@.#....#
#...... #.#
###########....##########
#.# #....'..............
#.# #.####....##########
#.# #.# #....# #.# #.#
###### #.# #.#
#.########.# #....†.....#


You could see a wyvern zombie.

Vanquished Creatures
  Grinder (D:3)
  3 yaks (D:4)
  A hound (D:3)
  An orc priest (D:3)
  7 gnolls (D:3)
  8 adders
  An adder zombie (D:3)
  An adder skeleton (D:4)
  5 worms
  2 dart slugs (D:1)
  3 orcs (D:3)
  4 ball pythons
  8 bats
  3 endoplasms
  3 giant cockroaches
  3 goblins
  4 hobgoblins
  2 jackals (D:1)
  5 quokkas
  9 frilled lizards
  6 kobolds
  A quokka zombie (D:3)
  5 rats
86 creatures vanquished.

Vanquished Creatures (collateral kills)
  An ufetubus (D:4)
1 creature vanquished.

Grand Total: 87 creatures vanquished

Notes
Turn   | Place    | Note
-------+----------+-------------------------------------------
     0 | D:1      | dndnerd the Gargoyle Fighter began the quest for the Orb.
     0 | D:1      | Reached XP level 1. HP: 14/14 MP: 1/1
   152 | D:1      | Reached XP level 2. HP: 10/19 MP: 2/2
  1103 | D:1      | Reached XP level 3. HP: 21/24 MP: 3/3
  1743 | D:2      | Found Houpif's Antique Armour Emporium.
  1927 | D:2      | Reached XP level 4. HP: 24/29 MP: 4/4
  2186 | D:2      | Found a hazy altar of Hepliaklqana.
  2199 | D:2      | Became a worshipper of Hepliaklqana the Forgotten
  2272 | D:2      | Found a faded altar of an unknown god.
  2300 | D:2      | Reached skill level 1 in Short Blades
  2698 | D:3      | Noticed Grinder
  2721 | D:3      | Killed Grinder
  2722 | D:3      | Reached XP level 5. HP: 23/33 MP: 5/5
  2722 | D:3      | Reached XP level 6. HP: 27/38 MP: 6/6
  3206 | D:3      | Found a glowing golden altar of the Shining One.
  3618 | D:3      | Reached XP level 7. HP: 44/44 MP: 7/7
  3623 | D:3      | Reached skill level 5 in Shields
  3715 | D:3      | Found a basalt altar of Yredelemnul.
  4030 | D:4      | Reached * piety under Hepliaklqana
  4313 | D:4      | Noticed a yak
  4330 | D:4      | Noticed a yak
  4330 | D:4      | Noticed a yak
  4589 | D:4      | Killed a yak
  4590 | D:4      | Reached skill level 5 in Armour
  4773 | D:4      | Killed a yak
  4774 | D:4      | Reached skill level 5 in Fighting
  4785 | D:4      | Killed a yak
  4786 | D:4      | Reached XP level 8. HP: 26/49 MP: 8/8
  4977 | D:4      | Slain by a wyvern zombie

Illustrated notes

Levels and vault maps discovered:
D:1:      shiori_arrival_maze, layout_basic
D:2:      minmay_spotlight, layout_loops_ring, basic_altar, serial_shops,
          nicolae_lakefront_shop, hellmonk_ecumenical_altar_zigzags
D:3:      layout_loops_ring, mainiacjoe_overflow_catwalk,
          lemuel_zombie_altar_yredelemnul, serial_rivers,
          chequers_serial_rivers_large_b, chequers_serial_rivers_small_b,
          chequers_serial_rivers_room_a, chequers_serial_rivers_room_b,
          chequers_serial_rivers_small_3, uniq_grinder
D:4:      layout_basic, serial_glass, glass_columns_a, glass_columns_a,
          minmay_misc_feat_tiny

Skill      XL: |  1  2  3  4  5  6  7 |
---------------+----------------------+-----
Armour         | 4 5 |  5.5
Shields        | 4 5 |  5.7
Short Blades   | 2 3 4 |  4.4
Fighting       | 4 5 |  5.1
Maces & Flails | |  2.3
Dodging        | |  0.7
Stealth        | |  0.7

Action                   |  1- 3 |  4- 6 |  7- 9 || total
-------------------------+-------+-------+-------++-------
Melee: Flail             |    74 |       |       ||    74
       Dagger            |    53 |   120 |   104 ||   277
Invok: Ancestor Identity |       |       |     1 ||     1
  Use: Potion            |       |       |     1 ||     1
Armor: Scale mail        |    28 |       |       ||    28
       Plate armour      |    78 |    69 |    51 ||   198
Dodge: Dodged            |    30 |    19 |     8 ||    57
Block: Kite shield       |    76 |    64 |    38 ||   178
